 Dungeon Crawl Stone Soup version 0.20.0-10-g0535bb4 (webtiles) character file.

8418 kuniqs the Party-goer (level 11, -8/87 HPs)
             Began as a Demonspawn Gladiator on June 4, 2017.
             Was a Believer of Uskayaw.
             Mangled by an orc warrior
             ... wielding a +4 war axe
              (10 damage)
             ... on level 11 of the Dungeon.
             The game lasted 00:13:32 (11482 turns).

kuniqs the Party-goer (Demonspawn Gladiator)       Turns: 11482, Time: 00:13:32

Health: -8/87      AC: 13    Str: 19    XL:     11   Next: 9%
Magic:  17/17      EV: 17    Int:  9    God:    Uskayaw [**....]
Gold:   593        SH:  0    Dex: 14    Spells: 10/10 levels left

rFire    . . .     SeeInvis +   K - +3 falchion
rCold    . . .     Gourm    .   (no shield)
rNeg     + . .     Faith    .   P - +0 chain mail {MR+}
rPois    .         Spirit   .   (helmet unavailable)
rElec    .         Reflect  .   c - +0 cloak
rCorr    .         Harm     .   (no gloves)
MR       +....     Clarity  +   H - +0 pair of boots
Stlth    ..........             (no amulet)
Regen    0.3/turn               s - +4 ring of evasion
MPRegen  0.2/turn               x - ring of positive energy

@: no status effects
A: antennae 3, repulsion field 1, clarity, demonic guardian 1, sense
surroundings 1
a: Stomp, Line Pass, Renounce Religion


You were on level 11 of the Dungeon.
You worshipped Uskayaw.
Uskayaw was aware of your devotion.
You were not hungry.

You visited 2 branches of the dungeon, and saw 12 of its levels.

You collected 593 gold pieces.

Inventory:

Hand Weapons
 a - a +0 long sword
 l - a +3 quarterstaff of chaos
 K - a +3 falchion (weapon)
Missiles
 I - 3 throwing nets (quivered)
Armour
 c - a +0 cloak (worn)
 H - a +0 pair of boots (worn)
 P - a +0 chain mail of magic resistance (worn)
Jewellery
 s - a +4 ring of evasion (left hand)
 x - a ring of positive energy (right hand)
Wands
 D - a wand of flame (38/48)
Scrolls
 g - 3 scrolls of amnesia {unknown}
 j - 2 scrolls of magic mapping {unknown}
 k - 11 scrolls of identify {@r1}
 o - 3 scrolls of teleportation {unknown}
 r - 2 scrolls of blinking
 t - a scroll of random uselessness {unknown}
 v - a scroll of recharging {unknown}
 w - 2 scrolls of fear {unknown}
 y - 2 scrolls of enchant armour {unknown}
 E - a scroll of immolation {unknown}
 F - a scroll of remove curse {unknown}
 J - 2 scrolls of enchant weapon {unknown}
Potions
 b - 3 potions of might {unknown}
 h - a potion of haste {unknown}
 i - 4 potions of curing {@q1}
 n - 3 potions of flight {unknown}
 p - 3 potions of agility {unknown}
 q - a potion of invisibility {unknown}
 u - a potion of magic {unknown}
 z - 3 potions of berserk rage {unknown}
 A - a potion of degeneration {unknown}
 B - 2 potions of heal wounds {unknown}
 C - a potion of brilliance {unknown}
 G - 2 potions of lignification {unknown}
 L - a potion of mutation {unknown}
Comestibles
 d - 16 bread rations
 e - 3 meat rations
 f - 4 fruits
 m - 10 chunks of flesh
 M - 3 royal jellies


   Skills:
 + Level 8.3 Fighting
 + Level 7.4 Long Blades
 - Level 1.7 Throwing
 + Level 7.0 Armour
 + Level 8.1 Dodging
 + Level 8.9 Invocations


You had 10 spell levels left.
You didn't know any spells.

Dungeon Overview and Level Annotations

Branches:
Dungeon (11/15)            Temple (1/1) D:5            Lair (0/6) D:9
    Orc: D:9-12

Altars:
Dithmenos
Elyvilon
Fedhas
Hepliaklqana
Okawaru
Qazlal
Ru
Sif Muna
Uskayaw
Vehumet
Yredelemnul
Zin

Annotations:
D:5 2 transporters


Innate Abilities, Weirdness & Mutations

You have a pair of large antennae on your head. (SInv)
You are surrounded by a mild repulsion field. (EV +2)
A weak demonic guardian rushes to your aid.
You possess an exceptional clarity of mind.
You passively map a small area around you.


Message History

You hit the orc warrior.
The orc warrior is moderately wounded.
The orc warrior barely misses you.
You riposte.
You hit the orc warrior but do no damage.
The orc warrior is moderately wounded.
You hit the orc warrior.
The orc warrior is moderately wounded.
The orc warrior closely misses you.
You riposte.
You slash the orc warrior!
The orc warrior is heavily wounded.
You hit the orc warrior.
The orc warrior is severely wounded.
You can now pass through a line of other dancers.
Your chain mail prevents you from hitting the orc warrior.
The orc warrior is severely wounded.
The orc warrior hits you with an enchanted war axe!!
* * * LOW HITPOINT WARNING * * *
You hit the orc warrior.
The orc warrior is almost dead.
The orc warrior hits you with an enchanted war axe!
You die...

#..........#..≈≈≈. *
#......#.###..#§§≈ *.,
##.....#.###..§#§≈ *... ##
#####.# :........
*....#.###########.#####......
.....................##......
.......<.............##)...>#
...................).##[#####
...........o@...##.)......###
####............##...........
..............##...........
.............$.##...........
................##...........
................#########.###
, ############ #.# , #.#


You could see an orc warrior.

Vanquished Creatures
  2 two-headed ogres
  An unseen horror (D:9)
  A manticore (D:11)
  The ghost of Hasart the Skirmisher, an amateur BaFi (D:4)
  A hippogriff (D:9)
  Sigmund (D:6)
  A spriggan (D:7)
  2 wraiths
  2 insubstantial wisps (D:11)
  An acid dragon (D:11)
  2 phantoms
  7 sky beasts
  An ice beast (D:7)
  2 orc warriors (D:11)
  3 ogres
  A centaur (D:7)
  2 crocodiles
  3 bullfrogs
  9 killer bees
  5 wights (D:8)
  An electric eel (D:10)
  11 crimson imps
  3 hounds
  3 orc priests (D:5)
  4 jellies
  3 orc wizards
  2 bullfrog skeletons
  2 iguanas
  5 worker ants
  A killer bee zombie (D:6)
  5 gnolls
  A howler monkey skeleton (D:5)
  14 adders
  6 shadow imps
  A white imp (D:8)
  An ooze (D:2)
  2 adder skeletons (D:4)
  2 adder zombies
  A worm (D:1)
  12 dart slugs
  5 leopard geckos
  16 orcs
  A ball python (D:3)
  9 giant cockroaches
  6 goblins
  9 hobgoblins
  2 jackals (D:2)
  7 kobolds
  3 quokkas
  5 bats
  3 frilled lizards
  A quokka skeleton (D:5)
  4 rats
  A bush (D:7)
200 creatures vanquished.

Vanquished Creatures (collateral kills)
  Erolcha (D:9)
  A two-headed ogre (D:11)
  A steam dragon (D:11)
  2 centaurs
  2 ogres
  A killer bee (D:10)
  A bullfrog zombie (D:11)
  2 crimson imps (D:8)
  An orc priest (D:11)
  Crazy Yiuf (D:2)
  An adder (D:5)
  2 gnolls (D:7)
  A shadow imp (D:7)
  3 orcs
  2 bushes (D:7)
22 creatures vanquished.

Vanquished Creatures (others)
  A shadow imp (D:11)
1 creature vanquished.

Grand Total: 223 creatures vanquished

Notes
Turn   | Place    | Note
-------+----------+-------------------------------------------
     0 | D:1      | kuniqs the Demonspawn Gladiator began the quest for the Orb.
     0 | D:1      | Reached XP level 1. HP: 16/16 MP: 1/1
   194 | D:1      | Gained mutation: You have a pair of small antennae on your head. [demonic ancestry]
   194 | D:1      | Reached XP level 2. HP: 6/22 MP: 2/2
   633 | D:1      | Reached skill level 1 in Armour
   799 | D:1      | Gained mutation: A weak demonic guardian rushes to your aid. [demonic ancestry]
   799 | D:1      | Reached XP level 3. HP: 18/28 MP: 3/3
  1588 | D:2      | Found a faded altar of an unknown god.
  1631 | D:2      | Reached XP level 4. HP: 34/34 MP: 4/4
  1833 | D:2      | Found a sacrificial altar of Ru.
  2232 | D:2      | Found a runed door.
  2437 | D:2      | Noticed Crazy Yiuf
  2441 | D:2      | Killed Crazy Yiuf
  2642 | D:3      | Reached XP level 5. HP: 41/41 MP: 5/5
  2956 | D:3      | Found a stormy altar of Qazlal.
  3021 | D:4      | Noticed Hasart's ghost (amateur BaFi)
  3203 | D:4      | Killed Hasart's ghost
  3203 | D:4      | Gained mutation: You are surrounded by a mild repulsion field. (EV +2) [demonic ancestry]
  3203 | D:4      | Reached XP level 6. HP: 18/48 MP: 6/6
  3803 | D:4      | Found an iron altar of Okawaru.
  3874 | D:4      | Reached XP level 7. HP: 53/54 MP: 7/7
  3882 | D:5      | Entered Level 5 of the Dungeon
  4050 | D:5      | Found a transporter.
  4063 | D:5      | Found a transporter.
  4393 | D:5      | Found a staircase to the Ecumenical Temple.
  4441 | Temple   | Entered the Ecumenical Temple
  4461 | Temple   | Became a worshipper of Uskayaw the Reveler
  4605 | D:5      | Reached * piety under Uskayaw
  4664 | D:5      | Reached ** piety under Uskayaw
  4776 | D:5      | Found a deep blue altar of Sif Muna.
  4776 | D:5      | Found a hazy altar of Hepliaklqana.
  4781 | D:5      | Found a blossoming altar of Fedhas.
  4784 | D:5      | Found a basalt altar of Yredelemnul.
  4785 | D:5      | Found a glowing silver altar of Zin.
  5133 | D:5      | Reached skill level 1 in Invocations
  5140 | D:5      | Reached *** piety under Uskayaw
  5361 | D:6      | Found a radiant altar of Vehumet.
  5383 | D:6      | Reached skill level 5 in Fighting
  5383 | D:6      | Reached skill level 5 in Long Blades
  5383 | D:6      | Gained mutation: You have a pair of antennae on your head. [demonic ancestry]
  5383 | D:6      | Reached XP level 8. HP: 57/62 MP: 9/9
  5414 | D:6      | Reached skill level 5 in Dodging
  5447 | D:6      | Noticed Sigmund
  5458 | D:6      | Killed Sigmund
  5462 | D:6      | Reached **** piety under Uskayaw
  6050 | D:7      | Found a blossoming altar of Fedhas.
  6559 | D:7      | Gained mutation: You have a pair of large antennae on your head. (SInv) [demonic ancestry]
  6559 | D:7      | Reached XP level 9. HP: 51/69 MP: 12/12
  6764 | D:7      | Reached skill level 5 in Invocations
  7026 | D:8      | Reached skill level 5 in Armour
  7324 | D:8      | You fall through a shaft for 3 floors!
  7325 | D:11     | Noticed a two-headed ogre
  7355 | D:10     | Entered Level 10 of the Dungeon
  7482 | D:8      | Noticed a two-headed ogre
  7496 | D:8      | Killed a two-headed ogre
  7815 | D:8      | Gained mutation: You possess an exceptional clarity of mind. [mutagenic meat]
  7972 | D:8      | Reached ***** piety under Uskayaw
  7992 | D:8      | Reached ****** piety under Uskayaw
  8067 | D:8      | Reached XP level 10. HP: 68/79 MP: 15/15
  8390 | D:8      | Gained mutation: You passively map a small area around you. [mutagenic meat]
  8433 | D:9      | Found a staircase to the Lair.
  8566 | D:9      | Noticed Erolcha
  8579 | D:9      | Killed Erolcha
  8689 | D:9      | Noticed an unseen horror
  8715 | D:9      | Killed an unseen horror
 10594 | D:11     | Noticed a two-headed ogre
 10607 | D:11     | Killed a two-headed ogre
 10829 | D:11     | Killed a two-headed ogre
 10829 | D:11     | Reached XP level 11. HP: 54/86 MP: 17/17
 11481 | D:11     | HP: 2/87 [orc warrior/enchanted war axe (20)]
 11482 | D:11     | Mangled by an orc warrior

Skill      XL: |  1  2  3  4  5  6  7  8  9 10 11 |
---------------+----------------------------------+-----
Armour         | 1 2 3 4 5 6 7 |  7.0
Long Blades    | 3 4 5 6 7 |  7.4
Dodging        | 3 4 5 6 8 |  8.1
Fighting       | 3 4 5 7 8 |  8.3
Invocations    | 2 4 6 8 |  8.9
Throwing       | |  1.7

Action                   |  1- 3 |  4- 6 |  7- 9 | 10-12 || total
-------------------------+-------+-------+-------+-------++-------
Melee: Long sword        |    72 |    37 |       |       ||   109
       Quarterstaff      |       |   101 |   281 |       ||   382
       Falchion          |       |       |    46 |   315 ||   361
  Use: Scroll            |       |       |     2 |       ||     2
 Stab: Sleeping          |     2 |       |       |       ||     2
       Paralysed         |       |       |    16 |    12 ||    28
       Distracted        |       |       |     1 |     3 ||     4
       Petrifying        |       |       |     1 |       ||     1
  Eat: Chunk             |     2 |     8 |    10 |    13 ||    33
       Bread ration      |       |       |     1 |       ||     1
Armor: Leather armour    |    17 |     2 |       |       ||    19
       Ring mail         |       |    24 |    81 |    62 ||   167
       Chain mail        |       |       |       |    14 ||    14
Dodge: Dodged            |    62 |   122 |   342 |   300 ||   826
       Rpst.: Long sword |    28 |    10 |       |       ||    38
       Falchion          |       |       |    11 |    98 ||   109
